PA
KENT COMETS @ ROCKY MOUNTAIN VIBES
07/29/2042
 
TOP OF THE 1ST
Kent Comets batting - Pitching for Rocky Mountain Vibes : RHP Juan Carmona
Pitching: RHP Juan Carmona
Batting: RHB Brian Matthews 0-0: Swinging Strike
0-1: Called Strike
0-2: Strikes out swinging
Batting: RHB Ramón Suzuarregui 0-0: Foul Ball, location: 2F
0-1: Ball
1-1: Ball
2-1: Foul Ball, location: 2F
2-2: Strikes out looking
Batting: RHB Jai-guo Tian 0-0: Ball
1-0: Ball
2-0: Called Strike
2-1: Ground out 6-3 (Groundball, 6, EV 82.5 MPH)
Top of the 1st over - 0 runs, 0 hits, 0 errors, 0 left on base; Kent 0 - Rocky Mountain 0
BOTTOM OF THE 1ST
Rocky Mountain Vibes batting - Pitching for Kent Comets : RHP Billy Hansen
Pitching: RHP Billy Hansen
Batting: RHB Mark Fontenot 0-0: Called Strike
0-1: Ball
1-1: Called Strike
1-2: Ball
2-2: SINGLE (Groundball, 56D, EV 103.8 MPH)
Batting: LHB Alexandre Prost 0-0: Ball
1-0: Swinging Strike
1-1: Ball
2-1: Foul Ball, location: 2F
2-2: Ball
3-2: Ground out 4-3 (Groundball, 4S, EV 90.6 MPH)
Mark Fontenot to second
Batting: RHB Magnus Fjord 0-0: Reached on error, E3 (Groundball, 34, EV 91.2 MPH)
Mark Fontenot to third
Batting: RHB Benoît Baudry 0-0: Ball
Magnus Fjord is caught stealing 2nd base 2-4
1-0: DOUBLE (Line Drive, 9LM, EV 100.6 MPH)
Mark Fontenot scores
Batting: RHB David Mooney 0-0: Ball
1-0: Fly out, F5 (Line Drive, 5, EV 65.6 MPH)
Bottom of the 1st over - 1 run, 2 hits, 1 error, 1 left on base; Kent 0 - Rocky Mountain 1
TOP OF THE 2ND
Kent Comets batting - Pitching for Rocky Mountain Vibes : RHP Juan Carmona
Batting: LHB Jorge Hernández 0-0: Ball
1-0: Ball
2-0: Ball
3-0: Base on Balls
Batting: RHB John Jackson 0-0: Ball
1-0: Foul Ball, location: 2F
1-1: Ball
2-1: Foul Ball, location: 2F
2-2: Ball
3-2: Foul Ball, location: 2F
3-2: Strikes out swinging
Batting: RHB Raúl Rosa 0-0: Ball
1-0: Ground out 5-3 (Groundball, 56S, EV 65.6 MPH)
Jorge Hernández to second
Batting: RHB Jacob Gray 0-0: Ball
1-0: Called Strike
1-1: Foul Ball, location: 2F
1-2: Ball
2-2: Foul Ball, location: 2F
2-2: Ball
3-2: Strikes out swinging
Top of the 2nd over - 0 runs, 0 hits, 0 errors, 1 left on base; Kent 0 - Rocky Mountain 1
BOTTOM OF THE 2ND
Rocky Mountain Vibes batting - Pitching for Kent Comets : RHP Billy Hansen
Batting: RHB Kenny Wright 0-0: Ball
1-0: Fly out, F8 (Flyball, 89XD, EV 105.0 MPH)
Batting: RHB Robert Green 0-0: Called Strike
0-1: Foul Ball, location: 2F
0-2: Ground out 6-3 (Groundball, 6, EV 89.4 MPH)
Batting: RHB Juan Rea 0-0: Ball
1-0: Foul Ball, location: 2F
1-1: Ball
2-1: Called Strike
2-2: Foul Ball, location: 2F
2-2: Fly out, F8 (Line Drive, 8RM, EV 100.0 MPH)
Bottom of the 2nd over - 0 runs, 0 hits, 0 errors, 0 left on base; Kent 0 - Rocky Mountain 1
TOP OF THE 3RD
Kent Comets batting - Pitching for Rocky Mountain Vibes : RHP Juan Carmona
Batting: RHB León Galiano 0-0: Ball
1-0: Called Strike
1-1: Ground out 6-3 (Groundball, 6, EV 100.6 MPH)
Batting: RHB Zhao-ji Pan 0-0: Called Strike
0-1: Swinging Strike
0-2: Ball
1-2: Strikes out swinging
Batting: RHB Brian Matthews 0-0: Foul Ball, location: 2F
0-1: Ground out 6-3 (Groundball, 6, EV 86.2 MPH)
Top of the 3rd over - 0 runs, 0 hits, 0 errors, 0 left on base; Kent 0 - Rocky Mountain 1
BOTTOM OF THE 3RD
Rocky Mountain Vibes batting - Pitching for Kent Comets : RHP Billy Hansen
Batting: RHB Jud Fisher 0-0: Called Strike
0-1: Swinging Strike
0-2: Ball
1-2: Foul Ball, location: 2F
1-2: Fly out, F4 (Popup, 4MD, EV 63.1 MPH)
Batting: RHB Mark Fontenot 0-0: Called Strike
0-1: Fly out, F8 (Flyball, 8RS, EV 74.4 MPH)
Batting: LHB Alexandre Prost 0-0: Called Strike
0-1: Foul Ball, location: 2F
0-2: Foul Ball, location: 2F
0-2: Ball
1-2: Strikes out looking
Bottom of the 3rd over - 0 runs, 0 hits, 0 errors, 0 left on base; Kent 0 - Rocky Mountain 1
TOP OF THE 4TH
Kent Comets batting - Pitching for Rocky Mountain Vibes : RHP Juan Carmona
Batting: RHB Ramón Suzuarregui 0-0: Ball
1-0: Ground out 2-3 (Groundball, 15S, EV 64.4 MPH)
Batting: RHB Jai-guo Tian 0-0: Ball
1-0: Swinging Strike
1-1: Ball
2-1: Ball
3-1: Foul Ball, location: 2F
3-2: Foul Ball, location: 2F
3-2: Foul Ball, location: 2F
3-2: SINGLE (Line Drive, 7S, EV 110.0 MPH)
Batting: LHB Jorge Hernández 0-0: Ball
1-0: Grounds into double play, 4-6-3 (Groundball, 34, EV 84.4 MPH)
Top of the 4th over - 0 runs, 1 hit, 0 errors, 0 left on base; Kent 0 - Rocky Mountain 1
BOTTOM OF THE 4TH
Rocky Mountain Vibes batting - Pitching for Kent Comets : RHP Billy Hansen
Batting: RHB Magnus Fjord 0-0: Ground out 6-3 (Groundball, 56, EV 88.8 MPH)
Batting: RHB Benoît Baudry 0-0: Called Strike
0-1: Foul Ball, location: 2F
0-2: Foul Ball, location: 2F
0-2: Strikes out looking
Batting: RHB David Mooney 0-0: Foul Ball, location: 2F
0-1: Foul Ball, location: 2F
0-2: Ball
1-2: Ground out 4-3 (Groundball, 4, EV 78.1 MPH)
Bottom of the 4th over - 0 runs, 0 hits, 0 errors, 0 left on base; Kent 0 - Rocky Mountain 1
TOP OF THE 5TH
Kent Comets batting - Pitching for Rocky Mountain Vibes : RHP Juan Carmona
Batting: RHB John Jackson 0-0: Ground out 5-3 (Groundball, 5, EV 102.5 MPH)
Batting: RHB Raúl Rosa 0-0: Foul Ball, location: 2F
0-1: Called Strike
0-2: Strikes out looking
Batting: RHB Jacob Gray 0-0: Ball
1-0: Called Strike
1-1: Called Strike
1-2: Ball
2-2: Strikes out looking
Top of the 5th over - 0 runs, 0 hits, 0 errors, 0 left on base; Kent 0 - Rocky Mountain 1
BOTTOM OF THE 5TH
Rocky Mountain Vibes batting - Pitching for Kent Comets : RHP Billy Hansen
Batting: RHB Kenny Wright 0-0: Called Strike
0-1: Swinging Strike
0-2: Ball
1-2: Foul Ball, location: 2F
1-2: Ball
2-2: Ground out 5-3 (Groundball, 5, EV 86.9 MPH)
Batting: RHB Robert Green 0-0: Called Strike
0-1: Ball
1-1: Swinging Strike
1-2: Ball
2-2: Foul Ball, location: 2F
2-2: Foul Ball, location: 2F
2-2: Foul Ball, location: 2F
2-2: Ball
3-2: Base on Balls
Batting: RHB Juan Rea 0-0: Called Strike
0-1: DOUBLE (Line Drive, 89D, EV 108.1 MPH)
Robert Green to third
Batting: RHB Jud Fisher 0-0: Swinging Strike
0-1: Called Strike
0-2: Foul Ball, location: 2F
0-2: Fly out, F8 (Flyball, 8RM, EV 83.1 MPH)
Runner from 3rd tags up, SCORES, throw by CF
Batting: RHB Mark Fontenot 0-0: Called Strike
0-1: Foul Ball, location: 2F
0-2: Strikes out looking
Bottom of the 5th over - 1 run, 1 hit, 0 errors, 1 left on base; Kent 0 - Rocky Mountain 2
TOP OF THE 6TH
Kent Comets batting - Pitching for Rocky Mountain Vibes : RHP Juan Carmona
Batting: RHB León Galiano 0-0: Ball
1-0: Foul Ball, location: 2F
1-1: Called Strike
1-2: Strikes out swinging
Batting: RHB Zhao-ji Pan 0-0: Called Strike
0-1: Ball
1-1: Swinging Strike
1-2: Ball
2-2: Ball
3-2: Strikes out swinging
Batting: RHB Brian Matthews 0-0: Swinging Strike
0-1: Foul Ball, location: 2F
0-2: Ground out 6-3 (Groundball, 6, EV 102.5 MPH)
Top of the 6th over - 0 runs, 0 hits, 0 errors, 0 left on base; Kent 0 - Rocky Mountain 2
BOTTOM OF THE 6TH
Rocky Mountain Vibes batting - Pitching for Kent Comets : RHP Billy Hansen
Batting: LHB Alexandre Prost 0-0: Called Strike
0-1: SINGLE (Groundball, 34D, EV 94.4 MPH)
Batting: RHB Magnus Fjord 0-0: Ball
1-0: 2-RUN HOME RUN (Flyball, 7LD, EV 93.1 MPH), Distance : 341 ft
Batting: RHB Benoît Baudry 0-0: Called Strike
0-1: Swinging Strike
0-2: Ball
1-2: Ball
2-2: Hit by Pitch, AND HE CHARGES THE MOUND! The benches clear!
Pitching: RHP Kikine Marron
Pinch Runner at 1st Bilal Hussain:
Batting: RHB David Mooney 0-0: Ground out 3-1 (Groundball, 34, EV 85.0 MPH)
Bilal Hussain to second
Batting: RHB Kenny Wright 0-0: Called Strike
0-1: Ball
1-1: Called Strike
1-2: Ball
2-2: Foul Ball, location: 2F
2-2: Ball
3-2: Foul Ball, location: 2F
3-2: SINGLE (Groundball, 34D, EV 99.4 MPH)
Bilal Hussain to third
Runner from 3rd tries for Home, SAFE, throw by RF to home
Kenny Wright to second
Batting: RHB Robert Green 0-0: Called Strike
0-1: Foul Ball, location: 2F
0-2: Ball
1-2: Fly out, F8 (Flyball, 8RM, EV 80.0 MPH)
Batting: RHB Juan Rea 0-0: Ball
1-0: Ground out 6-3 (Groundball, 6S, EV 68.1 MPH)
Bottom of the 6th over - 3 runs, 3 hits, 0 errors, 1 left on base; Kent 0 - Rocky Mountain 5
TOP OF THE 7TH
Kent Comets batting - Pitching for Rocky Mountain Vibes : RHP Juan Carmona
Batting: RHB Ramón Suzuarregui 0-0: Ball
1-0: Ground out 1-3 (Groundball, 34S, EV 81.2 MPH)
Batting: RHB Jai-guo Tian 0-0: Called Strike
0-1: Foul Ball, location: 2F
0-2: Strikes out swinging
Batting: LHB Jorge Hernández 0-0: Ball
1-0: Ball
2-0: Swinging Strike
2-1: Ball
3-1: Called Strike
3-2: Strikes out swinging
Top of the 7th over - 0 runs, 0 hits, 0 errors, 0 left on base; Kent 0 - Rocky Mountain 5
BOTTOM OF THE 7TH
Rocky Mountain Vibes batting - Pitching for Kent Comets : RHP Kikine Marron
Batting: RHB Jud Fisher 0-0: Ball
1-0: SINGLE (Groundball, 5D, EV 108.8 MPH)
Batting: RHB Mark Fontenot 0-0: Ball
1-0: Ball
2-0: DOUBLE (Groundball, 5L, EV 100.0 MPH)
Jud Fisher to third
Batting: LHB Alexandre Prost 0-0: Ball
1-0: Foul Ball, location: 2F
1-1: Foul Ball, location: 2F
1-2: Fly out, F8 (Flyball, 8RD, EV 96.2 MPH)
Runner from 3rd tags up, OUT at HOME! 8-2
Mark Fontenot to third
Batting: RHB Magnus Fjord 0-0: Ball
1-0: Ball
2-0: Ball
3-0: Called Strike
3-1: Base on Balls
Batting: LHB Bilal Hussain 0-0: Ball
1-0: Called Strike
1-1: Called Strike
1-2: Ball
2-2: Foul Ball, location: 2F
2-2: Ball
3-2: Foul Ball, location: 2F
3-2: Strikes out swinging
Bottom of the 7th over - 0 runs, 2 hits, 0 errors, 2 left on base; Kent 0 - Rocky Mountain 5
TOP OF THE 8TH
Kent Comets batting - Pitching for Rocky Mountain Vibes : RHP Juan Carmona
Batting: RHB John Jackson 0-0: Swinging Strike
0-1: Ball
1-1: Foul Ball, location: 2F
1-2: Strikes out looking
Batting: RHB Raúl Rosa 0-0: Called Strike
0-1: Swinging Strike
0-2: Strikes out swinging
Batting: RHB Jacob Gray 0-0: Ground out 5-3 (Groundball, 56S, EV 65.6 MPH)
Top of the 8th over - 0 runs, 0 hits, 0 errors, 0 left on base; Kent 0 - Rocky Mountain 5
BOTTOM OF THE 8TH
Rocky Mountain Vibes batting - Pitching for Kent Comets : RHP Kikine Marron
Batting: RHB David Mooney 0-0: Swinging Strike
0-1: Ball
1-1: Ball
2-1: Ball
3-1: Foul Ball, location: 2F
3-2: Base on Balls
Batting: RHB Kenny Wright 0-0: Swinging Strike
0-1: Ball
1-1: Ball
2-1: Fielders Choice at 2nd, 5-4 (Groundball, 56, EV 97.5 MPH)
Pitching: RHP Héctor Villegas
Batting: RHB Robert Green 0-0: Fly out, F9 (Line Drive, 9, EV 94.4 MPH)
Batting: RHB Juan Rea 0-0: Called Strike
0-1: Hit by Pitch
Kenny Wright to second
Batting: RHB Jud Fisher 0-0: Called Strike
0-1: Ball
1-1: SINGLE (Groundball, 6MD, EV 104.4 MPH)
Kenny Wright to third
Juan Rea to second
Runner from 3rd tries for Home, SAFE, throw by CF to home
Pitching: LHP Jack Young
Batting: RHB Mark Fontenot 0-0: Ball
1-0: Ball
2-0: Called Strike
2-1: Ball
3-1: Called Strike
3-2: Base on Balls
Juan Rea to third
Jud Fisher to second
Batting: LHB Alexandre Prost 0-0: Ball
1-0: Ball
2-0: Ball
3-0: Called Strike
3-1: Called Strike
3-2: Foul Ball, location: 2F
3-2: Ground out 4-3 (Groundball, 4, EV 82.5 MPH)
Bottom of the 8th over - 1 run, 1 hit, 0 errors, 3 left on base; Kent 0 - Rocky Mountain 6
TOP OF THE 9TH
Kent Comets batting - Pitching for Rocky Mountain Vibes : RHP Juan Carmona
Batting: RHB León Galiano 0-0: Called Strike
0-1: Foul Ball, location: 2F
0-2: Ball
1-2: Fly out, F8 (Flyball, 8LM, EV 98.8 MPH)
Batting: RHB Zhao-ji Pan 0-0: Swinging Strike
0-1: Ball
1-1: Swinging Strike
1-2: Ball
2-2: Strikes out swinging
Batting: RHB Brian Matthews 0-0: Ground out 6-3 (Groundball, 6, EV 95.6 MPH)
Top of the 9th over - 0 runs, 0 hits, 0 errors, 0 left on base; Kent 0 - Rocky Mountain 6
Friday, March 26th, 2021 - OOTP Baseball 20.8 Build 74